SL
NEW JERSEY FENIX @ NEW AMSTERDAM DUTCHMEN
05/05/2033
 
TOP OF THE 1ST
New Jersey Fenix batting - Pitching for New Amsterdam Dutchmen : RHP Domingo Ramírez
Pitching: RHP Domingo Ramírez
Batting: LHB Alexis Raimbault 0-0: Called Strike
0-1: Swinging Strike
0-2: Foul Ball, location: 2F
0-2: Ball
1-2: Ball
2-2: Strikes out swinging
Batting: RHB Bobby Butterfield 0-0: Foul Ball, location: 2F
0-1: Fly out, F3 (Popup, 34)
Batting: LHB Javier Sánchez 0-0: Ball
1-0: Fly out, F3 (Popup, 34S)
Top of the 1st over - 0 runs, 0 hits, 0 errors, 0 left on base; New Jersey 0 - New Amsterdam 0
BOTTOM OF THE 1ST
New Amsterdam Dutchmen batting - Pitching for New Jersey Fenix : RHP Jimmy O'Flahavan
Pitching: RHP Jimmy O'Flahavan
Batting: LHB Takayuki Yoshikawa 0-0: Ground out 6-3 (Groundball, 6)
Batting: LHB SaQwan Hackett 0-0: DOUBLE (Line Drive, 8LD)
Batting: RHB António Martínez 0-0: Called Strike
0-1: Foul Ball, location: 2F
0-2: Ball
1-2: Ball
2-2: Ball
3-2: Ground out 5-3 (Groundball, 56)
Batting: RHB Jon Osterman 0-0: Foul Ball, location: 2F
0-1: Swinging Strike
0-2: Ball
1-2: Ball
2-2: Foul Ball, location: 2F
2-2: Ground out 1-3 (Groundball, 13S)
Bottom of the 1st over - 0 runs, 1 hit, 0 errors, 1 left on base; New Jersey 0 - New Amsterdam 0
TOP OF THE 2ND
New Jersey Fenix batting - Pitching for New Amsterdam Dutchmen : RHP Domingo Ramírez
Batting: RHB José Carlos Pérez 0-0: Swinging Strike
0-1: Foul Ball, location: 2F
0-2: Ground out 5-3 (Groundball, 56S)
Batting: SHB Shiki Sanu 0-0: Ball
1-0: Called Strike
1-1: Swinging Strike
1-2: Strikes out swinging
Batting: LHB Josh Platt 0-0: Ball
1-0: Ball
2-0: Swinging Strike
2-1: Ball
3-1: Base on Balls
Batting: SHB Jesús Román 0-0: Ball
1-0: Called Strike
1-1: Fly out, F8 (Flyball, 8LD)
Top of the 2nd over - 0 runs, 0 hits, 0 errors, 1 left on base; New Jersey 0 - New Amsterdam 0
BOTTOM OF THE 2ND
New Amsterdam Dutchmen batting - Pitching for New Jersey Fenix : RHP Jimmy O'Flahavan
Batting: RHB Bart Lewis 0-0: Called Strike
0-1: Called Strike
0-2: Foul Ball, location: 2F
0-2: Fly out, F8 (Flyball, 8LS)
Batting: RHB John Schnatter 0-0: Ball
1-0: Ground out 5-3 (Groundball, 5S)
Batting: LHB Carlos Campos 0-0: Ground out U3 (Groundball, 34S)
Bottom of the 2nd over - 0 runs, 0 hits, 0 errors, 0 left on base; New Jersey 0 - New Amsterdam 0
TOP OF THE 3RD
New Jersey Fenix batting - Pitching for New Amsterdam Dutchmen : RHP Domingo Ramírez
Batting: LHB Elian Gonzalez 0-0: Called Strike
0-1: Ball
1-1: Swinging Strike
1-2: Ball
2-2: Strikes out swinging
Batting: RHB Pablo Marrero 0-0: Called Strike
0-1: Ball
1-1: Fly out, F5 (Popup, 56)
Batting: LHB Alexis Raimbault 0-0: Ball
1-0: Ball
2-0: Swinging Strike
2-1: Swinging Strike
2-2: Ball
3-2: Strikes out swinging
Top of the 3rd over - 0 runs, 0 hits, 0 errors, 0 left on base; New Jersey 0 - New Amsterdam 0
BOTTOM OF THE 3RD
New Amsterdam Dutchmen batting - Pitching for New Jersey Fenix : RHP Jimmy O'Flahavan
Batting: RHB Vito Middendorf 0-0: Ground out 4-3 (Groundball, 4S)
Batting: RHB David Elías 0-0: Ground out 6-3 (Groundball, 6)
Batting: LHB Takayuki Yoshikawa 0-0: Ball
1-0: Called Strike
1-1: Foul Ball, location: 2F
1-2: Strikes out swinging, 2-3 out at first.
Bottom of the 3rd over - 0 runs, 0 hits, 0 errors, 0 left on base; New Jersey 0 - New Amsterdam 0
TOP OF THE 4TH
New Jersey Fenix batting - Pitching for New Amsterdam Dutchmen : RHP Domingo Ramírez
Batting: RHB Bobby Butterfield 0-0: Called Strike
0-1: Ball
1-1: Foul Ball, location: 2F
1-2: SINGLE (Line Drive, 9LM)
Batting: LHB Javier Sánchez 0-0: Called Strike
0-1: Swinging Strike
0-2: Ball
1-2: Ball
2-2: Foul Ball, location: 2F
2-2: Grounds into double play, 6-4-3 (Groundball, 6)
Batting: RHB José Carlos Pérez 0-0: Foul Ball, location: 2F
0-1: Ball
1-1: Ball
2-1: Called Strike
2-2: Strikes out swinging
Top of the 4th over - 0 runs, 1 hit, 0 errors, 0 left on base; New Jersey 0 - New Amsterdam 0
BOTTOM OF THE 4TH
New Amsterdam Dutchmen batting - Pitching for New Jersey Fenix : RHP Jimmy O'Flahavan
Batting: LHB SaQwan Hackett 0-0: Ball
1-0: Foul Ball, location: 2F
1-1: Called Strike
1-2: Ball
2-2: Foul Ball, location: 2F
2-2: Foul Ball, location: 2F
2-2: Ground out 6-3 (Groundball, 6M)
Batting: RHB António Martínez 0-0: Foul Ball, location: 2F
0-1: TRIPLE (Line Drive, 78XD)
Batting: RHB Jon Osterman 0-0: Called Strike
0-1: Ball
1-1: Foul Ball, location: 2F
1-2: Hit by Pitch
Batting: RHB Bart Lewis 0-0: Ball
Jon Osterman steals 2nd base
1-0: Called Strike
1-1: Ball
2-1: Ball
3-1: Foul Ball, location: 2F
3-2: Base on Balls
Batting: RHB John Schnatter 0-0: Ball
1-0: Foul Ball, location: 2F
1-1: Grounds into double play, 6-4-3 (Groundball, 6)
Bottom of the 4th over - 0 runs, 1 hit, 0 errors, 2 left on base; New Jersey 0 - New Amsterdam 0
TOP OF THE 5TH
New Jersey Fenix batting - Pitching for New Amsterdam Dutchmen : RHP Domingo Ramírez
Batting: SHB Shiki Sanu 0-0: Ball
1-0: Foul Ball, location: 2F
1-1: Ball
2-1: Ball
3-1: Called Strike
3-2: Base on Balls
Batting: LHB Josh Platt 0-0: Foul Ball, location: 2F
0-1: Bunt missed!
0-2: Strikes out looking
Batting: SHB Jesús Román 0-0: Called Strike
0-1: Foul Ball, location: 2F
0-2: Ball
1-2: Strikes out swinging
Batting: LHB Elian Gonzalez 0-0: Ball
1-0: Swinging Strike
1-1: Swinging Strike
1-2: Ball
2-2: Strikes out swinging
Top of the 5th over - 0 runs, 0 hits, 0 errors, 1 left on base; New Jersey 0 - New Amsterdam 0
BOTTOM OF THE 5TH
New Amsterdam Dutchmen batting - Pitching for New Jersey Fenix : RHP Jimmy O'Flahavan
Batting: LHB Carlos Campos 0-0: Ball
1-0: Foul Ball, location: 2F
1-1: Ground out 4-3 (Groundball, 4D)
Batting: RHB Vito Middendorf 0-0: Foul Ball, location: 2F
0-1: Ball
1-1: Called Strike
1-2: Ground out 4-3 (Groundball, 4)
Batting: RHB David Elías 0-0: Fly out, F7 (Flyball, 78D)
Bottom of the 5th over - 0 runs, 0 hits, 0 errors, 0 left on base; New Jersey 0 - New Amsterdam 0
TOP OF THE 6TH
New Jersey Fenix batting - Pitching for New Amsterdam Dutchmen : RHP Domingo Ramírez
Batting: RHB Pablo Marrero 0-0: Ground out U3 (Groundball, 3)
Batting: LHB Alexis Raimbault 0-0: Ball
1-0: Ground out 3-1 (Groundball, 34)
Batting: RHB Bobby Butterfield 0-0: Ball
1-0: Fly out, F9 (Flyball, 89D)
Top of the 6th over - 0 runs, 0 hits, 0 errors, 0 left on base; New Jersey 0 - New Amsterdam 0
BOTTOM OF THE 6TH
New Amsterdam Dutchmen batting - Pitching for New Jersey Fenix : RHP Jimmy O'Flahavan
Batting: LHB Takayuki Yoshikawa 0-0: Bunt - Flyout! F2
Batting: LHB SaQwan Hackett 0-0: Ball
1-0: Ball
2-0: Ball
3-0: Called Strike
3-1: Called Strike
3-2: SINGLE (Groundball, 3D)
Batting: RHB António Martínez 0-0: Ball
1-0: Ball
2-0: Ball
3-0: Base on Balls
SaQwan Hackett to second
Batting: RHB Jon Osterman 0-0: Called Strike
0-1: Ball
1-1: Called Strike
1-2: Foul Ball, location: 2F
1-2: Fly out, F9 (Flyball, 9D)
Runner from 2nd tags up, SAFE at 3rd with throw
Batting: RHB Bart Lewis 0-0: Ball
1-0: Ball
2-0: Ground out 6-3 (Groundball, 6D)
Bottom of the 6th over - 0 runs, 1 hit, 0 errors, 2 left on base; New Jersey 0 - New Amsterdam 0
TOP OF THE 7TH
New Jersey Fenix batting - Pitching for New Amsterdam Dutchmen : RHP Domingo Ramírez
Batting: LHB Javier Sánchez 0-0: Ball
1-0: SINGLE (Groundball, 4MD)
Batting: RHB José Carlos Pérez 0-0: Ball
1-0: Fly out, F4 (Line Drive, 4)
Lined into DP, 4-3 (Line Drive, 4)
Batting: SHB Shiki Sanu 0-0: Called Strike
0-1: Swinging Strike
0-2: Ball
1-2: Ball
2-2: Ball
3-2: Foul Ball, location: 2F
3-2: Base on Balls
Batting: LHB Josh Platt 0-0: Foul Ball, location: 2F
0-1: Ball
1-1: Ball
2-1: Ball
3-1: Fielders Choice at 2nd, 5-4 (Groundball, 56)
Top of the 7th over - 0 runs, 1 hit, 0 errors, 1 left on base; New Jersey 0 - New Amsterdam 0
BOTTOM OF THE 7TH
New Amsterdam Dutchmen batting - Pitching for New Jersey Fenix : RHP Jimmy O'Flahavan
Batting: RHB John Schnatter 0-0: Called Strike
0-1: Ball
1-1: Ball
2-1: Ground out 6-3 (Groundball, 6)
Batting: LHB Carlos Campos 0-0: Called Strike
0-1: Ground out U3 (Groundball, 3)
Batting: RHB Vito Middendorf 0-0: Ball
1-0: Swinging Strike
1-1: Foul Ball, location: 2F
1-2: SINGLE (Line Drive, 7LM)
Batting: RHB David Elías 0-0: Ball
Vito Middendorf is caught stealing 2nd base
Bottom of the 7th over - 0 runs, 1 hit, 0 errors, 0 left on base; New Jersey 0 - New Amsterdam 0
TOP OF THE 8TH
New Jersey Fenix batting - Pitching for New Amsterdam Dutchmen : RHP Domingo Ramírez
Pinch Hitting: LHB Pedro Gutiérrez 0-0: Fly out, F7 (Flyball, 7S)
Batting: LHB Elian Gonzalez 0-0: Called Strike
0-1: Ball
1-1: Fly out, F3 (Popup, 34S)
Pinch Hitting: LHB Ángel Pineda 0-0: Called Strike
0-1: Called Strike
0-2: Foul Ball, location: 2F
0-2: Ball
1-2: Ball
2-2: Fly out, F7 (Flyball, 7S)
Top of the 8th over - 0 runs, 0 hits, 0 errors, 0 left on base; New Jersey 0 - New Amsterdam 0
BOTTOM OF THE 8TH
New Amsterdam Dutchmen batting - Pitching for New Jersey Fenix : RHP Jimmy O'Flahavan
Now at 2B: Takashi Miike
Now in LF: Pedro Gutiérrez
Batting: RHB David Elías 0-0: Called Strike
0-1: Swinging Strike
0-2: Ball
1-2: Ground out 5-3 (Groundball, 56S)
Pinch Hitting: RHB Pedro Santos 0-0: Swinging Strike
0-1: Foul Ball, location: 2F
0-2: Foul Ball, location: 2F
0-2: Foul Ball, location: 2F
0-2: Strikes out swinging
Batting: LHB SaQwan Hackett 0-0: Ball
1-0: Called Strike
1-1: SINGLE (Line Drive, 8LS)
Pinch Runner at 1st Heherson Inaris:
Batting: RHB António Martínez 0-0: Ball
Heherson Inaris is caught stealing 2nd base
Bottom of the 8th over - 0 runs, 1 hit, 0 errors, 0 left on base; New Jersey 0 - New Amsterdam 0
TOP OF THE 9TH
New Jersey Fenix batting - Pitching for New Amsterdam Dutchmen : RHP Domingo Ramírez
Now at 1B: Pedro Santos
Now in LF: Heherson Inaris
Batting: LHB Alexis Raimbault 0-0: Called Strike
0-1: Ball
1-1: Ground out 6-3 (Groundball, 6)
Batting: RHB Bobby Butterfield 0-0: Foul Ball, location: 2F
0-1: Ball
1-1: Fly out, F8 (Flyball, 8RD)
Batting: LHB Javier Sánchez 0-0: Fly out, F6 (Line Drive, 6M)
Top of the 9th over - 0 runs, 0 hits, 0 errors, 0 left on base; New Jersey 0 - New Amsterdam 0
BOTTOM OF THE 9TH
New Amsterdam Dutchmen batting - Pitching for New Jersey Fenix : RHP Jimmy O'Flahavan
Pitching: RHP Andrei-Luiz Frial
Batting: RHB António Martínez 0-0: Ball
1-0: Ball
2-0: Ground out 4-3 (Groundball, 4M)
Batting: RHB Jon Osterman 0-0: Called Strike
0-1: Fly out, F5 (Popup, 25F)
Batting: RHB Bart Lewis 0-0: Ball
1-0: Swinging Strike
1-1: Foul Ball, location: 2F
1-2: Foul Ball, location: 2F
1-2: Ball
2-2: Foul Ball, location: 2F
2-2: Ground out 6-3 (Groundball, 56)
Bottom of the 9th over - 0 runs, 0 hits, 0 errors, 0 left on base; New Jersey 0 - New Amsterdam 0
TOP OF THE 10TH
New Jersey Fenix batting - Pitching for New Amsterdam Dutchmen : RHP Domingo Ramírez
Batting: RHB José Carlos Pérez 0-0: Called Strike
0-1: SINGLE (Popup, 23)
Pitching: RHP Lorenzo Fabián
Batting: SHB Shiki Sanu 0-0: Fly out, F8 (Flyball, 8LXD)
Batting: LHB Josh Platt 0-0: Fly out, F6 (Popup, 6D)
Batting: LHB Pedro Gutiérrez 0-0: Ball
1-0: Ball
2-0: Called Strike
2-1: Foul Ball, location: 2F
2-2: Ball
3-2: Base on Balls
José Carlos Pérez to second
Batting: LHB Elian Gonzalez 0-0: Ball
1-0: Ball
2-0: Swinging Strike
2-1: Foul Ball, location: 2F
2-2: Strikes out swinging
Top of the 10th over - 0 runs, 1 hit, 0 errors, 2 left on base; New Jersey 0 - New Amsterdam 0
BOTTOM OF THE 10TH
New Amsterdam Dutchmen batting - Pitching for New Jersey Fenix : RHP Andrei-Luiz Frial
Pitching: RHP Nam Yee Yong
Batting: RHB John Schnatter 0-0: Foul Ball, location: 2F
0-1: Reached on error, E3 (Groundball, 34S)
Batting: LHB Carlos Campos 0-0: Called Strike
0-1: Ball
1-1: Ball
2-1: Called Strike
2-2: SINGLE (Line Drive, 8RS)
John Schnatter to third
Batting: RHB Vito Middendorf 0-0: Ball
1-0: Called Strike
1-1: Ball
2-1: Ground out 5-3 (Groundball, 56S)
Carlos Campos to second
Batting: RHB David Elías 0-0: Intentional Walk
Batting: RHB Pedro Santos 0-0: Swinging Strike
0-1: Ball
1-1: Foul Ball, location: 2F
1-2: Fly out, F9 (Flyball, 89S)
Batting: RHB Heherson Inaris 0-0: Ball
1-0: Foul Ball, location: 2F
1-1: Called Strike
1-2: Strikes out swinging
Bottom of the 10th over - 0 runs, 1 hit, 1 error, 3 left on base; New Jersey 0 - New Amsterdam 0
TOP OF THE 11TH
New Jersey Fenix batting - Pitching for New Amsterdam Dutchmen : RHP Lorenzo Fabián
Batting: RHB Takashi Miike 0-0: Called Strike
0-1: Swinging Strike
0-2: Ball
1-2: Strikes out swinging
Batting: LHB Alexis Raimbault 0-0: Called Strike
0-1: Swinging Strike
0-2: Ball
1-2: Foul Ball, location: 2F
1-2: Ball
2-2: Ground out 5-3 (Groundball, 56)
Batting: RHB Bobby Butterfield 0-0: Swinging Strike
0-1: Ball
1-1: Ball
2-1: Foul Ball, location: 2F
2-2: Ball
3-2: Fly out, F8 (Line Drive, 89M)
Top of the 11th over - 0 runs, 0 hits, 0 errors, 0 left on base; New Jersey 0 - New Amsterdam 0
BOTTOM OF THE 11TH
New Amsterdam Dutchmen batting - Pitching for New Jersey Fenix : RHP Nam Yee Yong
Batting: RHB António Martínez 0-0: Ball
1-0: Ball
2-0: Foul Ball, location: 2F
2-1: Foul Ball, location: 2F
2-2: Ground out 4-3 (Groundball, 4MD)
Batting: RHB Jon Osterman 0-0: Called Strike
0-1: Fly out, F8 (Flyball, 8LS)
Batting: RHB Bart Lewis 0-0: Ground out 6-3 (Groundball, 6)
Bottom of the 11th over - 0 runs, 0 hits, 0 errors, 0 left on base; New Jersey 0 - New Amsterdam 0
TOP OF THE 12TH
New Jersey Fenix batting - Pitching for New Amsterdam Dutchmen : RHP Lorenzo Fabián
Pitching: RHP Nelle Liefting
Batting: LHB Javier Sánchez 0-0: Swinging Strike
0-1: Foul Ball, location: 2F
0-2: Ball
1-2: Fly out, F8 (Flyball, 8RD)
Batting: RHB José Carlos Pérez 0-0: Ball
1-0: Foul Ball, location: 2F
1-1: Ball
2-1: Ball
3-1: Swinging Strike
3-2: SINGLE (Line Drive, 3)
Batting: SHB Shiki Sanu 0-0: Called Strike
0-1: Swinging Strike
0-2: Ball
1-2: Grounds into double play, 5-4-3 (Groundball, 56)
Top of the 12th over - 0 runs, 1 hit, 0 errors, 0 left on base; New Jersey 0 - New Amsterdam 0
BOTTOM OF THE 12TH
New Amsterdam Dutchmen batting - Pitching for New Jersey Fenix : RHP Nam Yee Yong
Pitching: LHP Joey Dudley
Batting: RHB John Schnatter 0-0: Ball
1-0: Ball
2-0: Called Strike
2-1: Ball
3-1: Called Strike
3-2: Foul Ball, location: 2F
3-2: Base on Balls
Pinch Runner at 1st Roberto Hernández:
Pinch Hitting: RHB Mario Rivera 0-0: Ball
1-0: Bunted foul
1-1: Ball
2-1: Sac Bunt - play at first, batter OUT! 3-4
Roberto Hernández to second
Batting: RHB Vito Middendorf 0-0: Ball
Throwing error on steal attempt, E2
Roberto Hernández scores
Saturday, December 22nd, 2018 - OOTP Baseball 18.8 Build 76